AoeStats
← Jukane

Arena

509951674Analyzed
1v1 RM · 4d ago on Sep 28, 2026· 36m 34s· 2 players
Game mode
Random Map
Map size
Tiny (2 player)
Population
200
Speed
Normal
Resources
Standard
Victory
Conquest
Starting age
Dark Age
Ending age
Imperial Age
RankedLock teamsTeams togetherTeam positionsShared explorationLock speedFull tech treeHidden civsTurbo modeCheats
Victory
Defeat
🇨🇦 Wei · Canada
698
+18
🇺🇸 Aztecs · United States
742
-18
Jukane
5:46 Loom
10:33 Feudal Age
17:32 Castle Age
17:40 Double-Bit Axe
19:45 Horse Collar
20:29 Squires
22:06 Forging
22:05 Eagle Warrior
26:21 Pikeman
32:30 Imperial Age
32:29 Iron Casting
31:55 Scale Mail Armor
31:48 Fletching
32:51 Wheelbarrow
34:29 Blast Furnace
34:47 Atonement
Vinnyloot
10:13 Feudal Age
10:09 Loom
10:48 Double-Bit Axe
11:20 Horse Collar
12:35 Gold Mining
19:16 Castle Age
19:11 Stone Mining
20:47 Heavy Plow
21:16 Bow Saw
21:56 Gold Shaft Mining
23:17 Husbandry
23:28 Bloodlines
24:06 Padded Archer Armor
24:22 Pikeman
27:54 Squires
27:47 Town Watch
28:37 Wheelbarrow
29:12 Thumb Ring
29:21 Scale Barding Armor
29:41 Forging
31:06 Leather Archer Armor
36:17 Imperial Age
35:04 Tuntian
37:28 Conscription
Connection lost

Rejoining the realm…

Still unreachable

The connection could not be restored.

Session expired

The server has moved on; the page needs a fresh start.